 Dungeon Crawl Stone Soup version 0.31-a0-66-ge618eeaa78 (webtiles) character file.

Game seed: 3226453163672879496

65 lunkers the Chucker (level 4, -11/35 HPs)
             Began as a Meteoran Wanderer on May 22, 2023.
             Killed by an exploding ballistomycete spore (12 damage)
             ... on level 2 of the Dungeon.
             The game lasted 00:03:32 (800 turns).

lunkers the Chucker (Meteoran Wanderer)              Turns: 800, Time: 00:03:32

Health: -11/35     AC:  2    Str: 12    XL:     4   Next: 60%
Magic:  7/7        EV: 11    Int: 18    God:
Gold:   92         SH:  0    Dex: 18    Spells: 5/5 levels left

rFire   . . .        a - +2 dagger
rCold   . . .        (no shield)
rNeg    . . .        e - +0 robe
rPois   .            (no helmet)
rElec   .            (no cloak)
rCorr   .            (no gloves)
SInv    .            (no boots)
Will    .....        (no amulet)
Stlth   +            h - +6 ring of intelligence
HPRegen 0.25/turn    (no ring)
MPRegen 0.10/turn

%: no passive effects
@: confused, glowing
A: sense surroundings 1, otherworldly, glowing, explore regen
a: no special abilities


You were on level 2 of the Dungeon.
You visited 1 branch of the dungeon, and saw 3 of its levels.

You collected 92 gold pieces.

Inventory:

Hand Weapons
 a - a +2 dagger (weapon)
 f - a +0 antimagic dagger
Missiles
 b - 3 curare-tipped darts
 j - 3 poisoned darts
Armour
 e - a +0 robe (worn)
Jewellery
 h - a +6 ring of intelligence (left hand)
Wands
 c - a wand of polymorph (4)
Scrolls
 d - a scroll of fog
 g - a scroll of vulnerability {unknown}
 l - a scroll of identify {unknown}
 n - a scroll of immolation {unknown}
Potions
 i - 2 potions of mutation {unknown}
 k - a potion of haste {unknown}
 m - a potion of heal wounds {unknown}


   Skills:
 - Level 1.1 Fighting
 + Level 4.0 Short Blades
 - Level 4.8 Throwing
 - Level 1.0 Stealth
 - Level 1.3 Spellcasting
 - Level 1.2 Air Magic
 - Level 2.4 Evocations


You had 5 spell levels left.
You didn't know any spells.
Your spell library contained the following spells:

 Spells                   Type           Power      Damage    Failure   Level
 Poisonous Vapours        Pois/Air       4%         N/A       24%         2
 Static Discharge         Conj/Air       4%         2-3/arc   24%         2
 Cigotuvi's Dreadful Rot  Necr/Pois/Air  2%         N/A       26%         2
 Dispel Undead            Necr           1%         3d6       88%         4
 Death Channel            Necr           0%         N/A       100%        6


Dungeon Overview and Level Annotations

Branches:
Dungeon (3/15) Zot: 1024

Altars:

Shops:
D:1 !   D:2 =


Innate Abilities, Weirdness & Mutations

You passively map a small area around you.
You are easily found by Zot.
You glow in the dark.
You regain HP and MP as you explore.


Message History

Press: ? - help, Shift-Dir - straight line, f - sleepcap
Aim: a sleepcap (will become a ballistomycete, chance to affect: 64%)
The sleepcap evaporates and reforms as a ballistomycete!
You hit the ballistomycete.
The ballistomycete is lightly damaged.
You hit the ballistomycete.
The ballistomycete is lightly damaged.
You hit the ballistomycete.
The ballistomycete is lightly damaged.
You hit the ballistomycete.
The ballistomycete is moderately damaged.
You hit the ballistomycete.
The ballistomycete is moderately damaged.
A ballistomycete spore comes into view.
You hit the ballistomycete.
The ballistomycete is heavily damaged.
The ballistomycete spore explodes!
The explosion of spores engulfs the ballistomycete.
The explosion of spores engulfs you!
You are confused.
* * * LOW HITPOINT WARNING * * *
You hit the ballistomycete.
You punch the ballistomycete, but do no damage.
The ballistomycete is heavily damaged.
A ballistomycete spore comes into view.
A ballistomycete spore comes into view.
You hit the ballistomycete.
The ballistomycete is heavily damaged.
You feel less confused.
The ballistomycete spore explodes!
The explosion of spores engulfs you.
You are confused.
* * * LOW HITPOINT WARNING * * *
The explosion of spores engulfs the ballistomycete.
The explosion of spores engulfs the ballistomycete spore!
The ballistomycete spore explodes!
The explosion of spores engulfs the ballistomycete.
The explosion of spores engulfs you!
You are more confused.
You die...

, #..)....#. #........#
#.......#. #........#
#.......#. #........#
#.......#. #........#
#.......## #........#
#........# ##
#........#######.....# #..
#............# #.....#
##...#....@.......###.....#
#.....>...P.......)........
#.................###......
#..................##.....#
#.....#......#.....##.....#
#.....#....................
#.....#.....##.....######..
#.....#.....##.......######
#.....#.....##.............


You could see a ballistomycete.

Vanquished Creatures
  2 adders (D:2)
  A worm (D:2)
  2 dart slugs (D:1)
  5 ball pythons
  2 bats (D:1)
  2 endoplasms
  4 giant cockroaches
  2 hobgoblins (D:1)
  4 jackals (D:2)
  A quokka (D:1)
  7 goblins
  3 kobolds
  2 rats (D:1)
37 creatures vanquished.

Vanquished Creatures (others)
  3 ballistomycete spores (D:2)
3 creatures vanquished.

Grand Total: 40 creatures vanquished

Notes
Turn   | Place    | Note
-------+----------+-------------------------------------------
     0 | D:1      | lunkers the Meteoran Wanderer began the quest for the Orb.
     0 | D:1      | lunkers set off with the following items: a +2 dagger, 3
                  | curare-tipped darts, a wand of polymorph (5), a scroll of
                  | fog, a +0 robe; and the following spells available to
                  | memorise: Poisonous Vapours, Static Discharge.
     0 | D:1      | Reached XP level 1. HP: 16/16 MP: 3/3
    34 | D:1      | Reached skill level 1 in Short Blades
    54 | D:1      | Reached XP level 2. HP: 14/23 MP: 5/5
    57 | D:1      | Found Peigriv's Distillery.
   118 | D:1      | Reached XP level 3. HP: 11/28 MP: 6/6
   570 | D:2      | Found Tusommy's Jewellery Emporium.
   619 | D:2      | Reached XP level 4. HP: 25/35 MP: 7/7
   791 | D:2      | a sleepcap changed into a ballistomycete
   791 | D:2      | Noticed a ballistomycete
   800 | D:2      | HP: 1/35 [spore (5)]
   800 | D:2      | Killed by an exploding ballistomycete spore

Illustrated notes

Levels and vault maps discovered:
D:1:      roderic_crossed_star, layout_rooms, serial_shops, shop
D:2:      layout_basic, serial_shops, shop
D:3:      layout_loops_corners, lightli_temple_of_fire, minmay_bisected,
          uniq_terence, uniq_crazy_yiuf_cottage

Skill      XL: |  1  2  3  4 |
---------------+-------------+-----
Short Blades   | 1 2 3 4 |  4.0
Fighting       | |  1.1
Throwing       | |  4.8
Stealth        | |  1.0
Spellcasting   | |  1.3
Air Magic      | |  1.2
Evocations     | |  2.4

Action                     |  1- 3 |  4- 6 || total
---------------------------+-------+-------++-------
  Melee: Dagger            |    94 |    76 ||   170
         Punch             |       |     1 ||     1
  Evoke: Wand              |       |     1 ||     1
 Armour: Robe              |    24 |    12 ||    36
  Dodge: Dodged            |    39 |    23 ||    62

Table legend: (Time is in decaauts)
 A = Elapsed time spent in this place.
 B = Non-inter-level travel time spent in this place.
 C = Inter-level travel time spent in this place.
 D = Time resting spent in this place.
 E = Time spent auto-exploring this place.
 F = Levels seen in this place.
 G = Mean time per level.
                   A        B        C        D        E       F      G
               +--------+--------+--------+--------+--------+-----+--------+
         Total |    774 |    771 |      3 |      0 |    434 |   3 |  258.0 |
       Dungeon |    774 |    771 |      3 |      0 |    434 |   3 |  258.0 |
               +--------+--------+--------+--------+--------+-----+--------+

Top non-repeatable levels by time:
     D:1: 490 daAuts
     D:2: 273 daAuts
     D:3: 10 daAuts
